 Dungeon Crawl Stone Soup version 0.30-b1-2-g02819fbbbe (webtiles) character file.

Game seed: 13754230602104983125

124897 Bixorta the Hoplite (level 16, -10/134 HPs)
             Began as a Minotaur Berserker on Nov 11, 2023.
             Was a High Priest of Trog.
             Mangled by a daeva
             ... wielding a +5 eudemon blade of holy wrath
              (28 damage)
             ... on level 3 of the Abyss on Nov 12, 2023.
             The game lasted 02:12:44 (32536 turns).

Bixorta the Hoplite (Minotaur Berserker)           Turns: 32536, Time: 02:12:44

Health: -10/134    AC: 27    Str: 30    XL:     16   Next: 40%
Magic:  3/22       EV: 10    Int:  6    God:    Trog [*****.]
Gold:   1059       SH: 22    Dex: 14    Spells: 15/15 levels left

rFire   . . .        L - +6 war axe "Faurruq" {flame, rC++ Dex+2}
rCold   + + .        D - +0 tower shield
rNeg    . . .        w - +2 plate armour {rC+}
rPois   +            (helmet restricted)
rElec   .            A - +1 cloak of Fashionability {rC- rCorr Str+2 SInv}
rCorr   +            c - +3 Mad Mage's Maulers {Infuse+∞ VampMP -Cast}
SInv    +            z - +0 pair of boots
Will    ++...        l - amulet of regeneration Stlth
                     k - ring "Nuggon" {rPois Int+2}
HPRegen 1.22/turn    b - ring of willpower
MPRegen 0.18/turn

%: no spellcasting, infuse magic (3 MP)
@: about to teleport, on berserk cooldown, hasted and slowed, glowing
A: horns 2, retaliatory headbutt
a: Renounce Religion, Berserk, Trog's Hand, Brothers in Arms


You were on level 3 of the Abyss.
You worshipped Trog.
Trog was extremely pleased with you.
You visited 5 branches of the dungeon, and saw 24 of its levels.
You visited the Abyss 1 time.

You collected 1849 gold pieces.
You spent 790 gold pieces at shops.

Inventory:

Hand Weapons
 L - the +6 war axe "Faurruq" (weapon) {flame, rC++ Dex+2}
   (Trog gifted it to you on level 11 of the Dungeon)

   Dex:       It affects your dexterity (+2).
   rC:        It greatly protects you from cold.
Missiles
 B - 7 throwing nets
Armour
 c - the +3 Mad Mage's Maulers (worn) {Infuse+∞ VampMP -Cast}
   (You acquired it on level 5 of the Dungeon)

   Infuse+∞: It empowers its wearer's blows with all of their magic.
   VampMP:    Blows struck in melee replenish the wearer's magic.
   -Cast:     It prevents spellcasting.
 w - a +2 plate armour of cold resistance (worn)
 z - a +0 pair of boots (worn)
 A - the +1 cloak of Fashionability (worn) {rC- rCorr Str+2 SInv}
   (You bought it in a shop on level 2 of the Orcish Mines)

   Str:       It affects your strength (+2).
   rC:        It makes you vulnerable to cold.
   SInv:      It lets you see invisible.
   rCorr:     It protects you from acid and corrosion.
 D - a +0 tower shield (worn)
Jewellery
 b - a ring of willpower (right hand)
 i - a +4 ring of slaying
 k - the ring "Nuggon" (left hand) {rPois Int+2}
   (You acquired it on level 1 of the Lair of Beasts)

   [ring of poison resistance]

   Int:       It affects your intelligence (+2).
   rPois:     It protects you from poison.
 l - an amulet of regeneration (around neck)
Wands
 m - a wand of charming (52)
 y - a wand of acid (5)
 G - a wand of roots (16)
 K - a wand of mindburst (16)
Scrolls
 a - 6 scrolls of poison
 g - 13 scrolls of teleportation
 n - a scroll of silence
 s - 2 scrolls of fog
 v - 2 scrolls of brand weapon
 C - 3 scrolls of enchant weapon
 F - 6 scrolls of magic mapping
 J - 8 scrolls of identify
Potions
 d - 2 potions of cancellation
 e - 4 potions of lignification
 f - 5 potions of curing
 j - 2 potions of haste
 p - 4 potions of might
 q - 3 potions of attraction
 t - 2 potions of invisibility
 u - a potion of resistance
 x - 3 potions of flight


   Skills:
 - Level 10.0 Fighting
 - Level 18.0 Axes
 + Level 14.4 Armour
 - Level 6.0 Dodging
 - Level 22.2 Shields
 + Level 10.1 Invocations


You had 15 spell levels left.
You didn't know any spells.
Your spell library was empty.

Dungeon Overview and Level Annotations

Branches:
Dungeon (15/15)            Temple (1/1) D:4            Lair (5/5) D:8
  Swamp (1/4) Lair:3        Snake (0/4) Lair:3        Slime (0/5) Lair:4
    Orc (2/2) D:12            Elf (0/3) Orc:2        Vaults (0/5) D:14
 Depths (0/4) D:15

Altars:
Ashenzari
Cheibriados
Dithmenos
Elyvilon
Fedhas
Gozag
Hepliaklqana
Kikubaaqudgha
Makhleb
Nemelex Xobeh
Okawaru
Qazlal
Ru
Sif Muna
Trog
Uskayaw
Vehumet
Wu Jian
Xom
Yredelemnul
Zin
The Shining One
Lugonu

Shops:
Orc:2 *[((

Portals:
Abyss: Lair:5
Trove: D:12 (give +3 shadow dragon scales)

Annotations:
Swamp:1 Louise


Innate Abilities, Weirdness & Mutations

You have a pair of horns on your head.
You reflexively headbutt those who attack you in melee.


Message History

* * * LOW HITPOINT WARNING * * *
You block the Executioner's attack.
The Executioner hits you but does no damage.
The Executioner hits you!
* * * LOW HITPOINT WARNING * * *
You block the Executioner's attack. x2
Blink to where?
Press: ? - help, Dir - move target
Okay, then.
Blink to where?
Press: ? - help, Dir - move target
As you read the scroll of blinking, it crumbles to dust.
A daeva comes into view.
It is wielding a +5 eudemon blade of holy wrath.
You slice the Executioner!! You burn the Executioner.
You kill the Executioner!
Trog accepts your kill.
You hear a shout!
Your Invocations skill increases to level 10!
You slice the thrashing horror!! You burn the thrashing horror.
You headbutt the thrashing horror.
The thrashing horror is severely damaged.
You block the thrashing horror's attack. x2
You block the thrashing horror's attack.
The thrashing horror tramples you but does no damage.
You open the thrashing horror like a pillowcase!!!
You burn the thrashing horror.
You destroy the thrashing horror!
Trog accepts your kill.
You hear a shout!
You slice the daeva!! You burn the daeva! Your headbutt misses the daeva.
The daeva is moderately wounded.
The daeva blocks your attack.
The daeva is moderately wounded.
You block the daeva's attack.
The daeva hits you with a +5 eudemon blade of holy wrath.
* * * LOW HITPOINT WARNING * * *
The daeva blocks your attack.
The daeva is moderately wounded.
The daeva hits you with a +5 eudemon blade of holy wrath!!
You die...

## ###
## §
##§§.#
§§.#§.§.
#....#
#@#
##A#.#
#3(.#.
##..#. .
#.#...A
§ ####.
. .#...
. §#
.§.####
.##
~#.#..


You could see a daeva, a smoke demon and a +6 dire flail of protection.

Vanquished Creatures
  A profane servitor (Abyss:3)
  An Executioner (Abyss:3)
  A sphinx (shapeshifter) (Lair:5)
  The ghost of Segg the Thaumaturge, an adept GnSk of Makhleb (Orc:1)
  Agnes (D:14)
  An orc warlord (Orc:2)
  A very ugly thing (Abyss:3)
  An eleionoma (Swamp:1)
  A bunyip (Swamp:1)
  An ettin (D:15)
  A fire dragon (D:15)
  Harold (Orc:1)
  A great orb of eyes (D:15)
  7 hydras
  4 centaur warriors
  A rakshasa (D:15)
  8 vault guards (D:14)
  Erica (D:10)
  2 ghost crabs (Lair:3)
  An anaconda (Lair:3)
  A catoblepas (D:15)
  5 boulder beetles
  A death knight (D:15)
  3 two-headed ogres
  A tengu warrior (D:15)
  A deep troll earth mage (D:15)
  5 thrashing horrors
  6 death yaks (Lair:5)
  4 orc high priests (Orc:2)
  A skeletal warrior (D:15)
  3 skysharks
  A spriggan druid (Swamp:1)
  A lindwurm (shapeshifter) (D:15)
  A phantasmal warrior (D:15)
  A wizard (D:12)
  2 spectral hydras (Lair:3)
  A harpy (shapeshifter) (D:15)
  4 orc sorcerers (Orc:2)
  5 orc knights
  6 manticores
  25 ugly things
  5 cyclopes
  24 elephants
  5 black mambas
  An apocalypse crab (Abyss:3)
  A gargoyle (D:10)
  A torpor snail (Lair:1)
  3 smoke demons (Lair:5)
  6 cane toads
  21 komodo dragons
  2 efreet (D:15)
  4 kobold demonologists (D:11)
  A rime drake (Lair:5)
  4 freezing wraiths
  3 tengu conjurers (D:15)
  An ancient zyme (Lair:5)
  A queen bee (D:9)
  A spectral skyshark (Lair:3)
  7 trolls
  A meliai (D:15)
  4 polar bears
  Prince Ribbit (D:6)
  2 hornets
  2 tyrant leeches
  28 blink frogs
  5 large abominations
  4 dream sheep (Lair:1)
  8 slime creatures
  A centaur simulacrum (D:10)
  A water elemental (D:14)
  2 spriggans
  56 yaks
  2 vampires
  3 ynoxinuls
  A wyvern (D:8)
  8 basilisks
  A spectral komodo dragon (Lair:3)
  A golden eye (shapeshifter) (Lair:5)
  Grum (D:10)
  6 vampire mosquitoes
  4 chaos spawn
  A spectral cane toad (Lair:3)
  2 wargs
  2 acid dragons
  A swamp worm (Swamp:1)
  22 water moccasins
  28 orc warriors
  A swamp drake (D:8)
  A sky beast (D:7)
  3 ice beasts
  5 ogres
  5 phantoms
  8 centaurs
  12 wolves
  4 kobold brigands
  17 bullfrogs
  3 gnoll sergeants
  9 wights (D:7)
  13 small abominations
  26 killer bees (D:9)
  4 electric eels
  2 howler monkeys
  A quasit (Abyss:3)
  22 orc priests
  2 gnoll boudas
  3 hounds
  4 iguanas
  A sleepcap (D:5)
  26 orc wizards
  Robin (D:3)
  25 gnolls
  8 adders
  2 shadow imps
  2 white imps (D:10)
  A howler monkey simulacrum (D:10)
  2 ufetubi (D:10)
  6 worms
  A dart slug (D:2)
  73 orcs
  9 ball pythons
  4 endoplasms
  A giant cockroach (D:1)
  15 goblins
  7 hobgoblins
  5 jackals
  22 kobolds
  3 quokkas
  3 bats
  2 frilled lizards
  7 rats
775 creatures vanquished.

Vanquished Creatures (others)
  2 orcs (Orc:2)
  36 fungi
  31 plants
69 creatures vanquished.

Grand Total: 844 creatures vanquished

Notes
Turn   | Place    | Note
-------+----------+-------------------------------------------
     0 | D:1      | Bixorta the Minotaur Berserker began the quest for the Orb.
     0 | D:1      | Reached XP level 1. HP: 19/19 MP: 0/0
   137 | D:1      | Reached XP level 2. HP: 27/27 MP: 1/1
   350 | D:1      | Reached ** piety under Trog
   536 | D:2      | Reached XP level 3. HP: 33/33 MP: 2/2
   817 | D:2      | Reached XP level 4. HP: 36/41 MP: 3/3
   892 | D:2      | Found a stormy altar of Qazlal.
  1111 | D:3      | Noticed Robin
  1123 | D:3      | Reached *** piety under Trog
  1126 | D:3      | Killed Robin
  1319 | D:3      | Reached XP level 5. HP: 16/47 MP: 4/4
  1582 | D:4      | Noticed an ogre
  1596 | D:4      | Killed an ogre
  1597 | D:4      | Reached skill level 5 in Fighting
  1597 | D:4      | Reached skill level 5 in Axes
  1737 | D:4      | Reached XP level 6. HP: 47/56 MP: 5/5
  2247 | D:4      | Found a staircase to the Ecumenical Temple.
  2257 | Temple   | Entered the Ecumenical Temple
  2425 | D:5      | Entered Level 5 of the Dungeon
  2457 | D:5      | Noticed an ice beast
  2468 | D:5      | Killed an ice beast
  2469 | D:5      | Reached skill level 5 in Armour
  2469 | D:5      | Reached XP level 7. HP: 62/62 MP: 6/6
  2558 | D:5      | Identified the +8 spear "Piro" {freeze, rCorr Int+2 Dex+2}
  2624 | D:5      | Found a hazy altar of Hepliaklqana.
  2927 | D:5      | Reached **** piety under Trog
  2933 | D:5      | Reached XP level 8. HP: 65/70 MP: 7/7
  2965 | D:5      | Found a snail-covered altar of Cheibriados.
  2993 | D:5      | Found an opulent altar of Gozag.
  3071 | D:5      | Identified a scroll of acquirement
  3071 | D:5      | Acquired the +3 Mad Mage's Maulers {Infuse+∞ VampMP -Cast}
  3071 | D:5      | Found the +3 Mad Mage's Maulers {Infuse+∞ VampMP -Cast}
  3297 | D:6      | Found an ancient bone altar of Kikubaaqudgha.
  3387 | D:6      | Found a basalt altar of Yredelemnul.
  3405 | D:6      | Reached skill level 10 in Axes
  3494 | D:6      | Noticed Prince Ribbit
  3500 | D:6      | Killed Prince Ribbit
  3552 | D:6      | Identified the +3 whip "Ceahiruw" {protect, rF+}
  3637 | D:6      | Found an ornate altar of the Wu Jian Council.
  3957 | D:6      | Found a sparkling altar of Nemelex Xobeh.
  4367 | D:7      | Reached XP level 9. HP: 75/75 MP: 1/8
  4439 | D:7      | Found a bloodstained altar of Trog.
  4928 | D:7      | Identified the +0 robe of Kasoewno {Int+3 Dex+2}
  5016 | D:7      | Found a shimmering altar of Xom.
  5458 | D:8      | Found an iron altar of Okawaru.
  5574 | D:8      | You fall into a shaft and drop 2 floors!
  5574 | D:10     | Entered Level 10 of the Dungeon
  5694 | D:10     | Noticed a polar bear
  5709 | D:10     | Killed a polar bear
  5956 | D:10     | Noticed a two-headed ogre
  5963 | D:10     | Killed a two-headed ogre
  5964 | D:10     | Reached skill level 15 in Axes
  5964 | D:10     | Reached XP level 10. HP: 83/83 MP: 2/9
  6049 | D:10     | Found a hide-covered altar of Uskayaw.
  6162 | D:9      | Reached skill level 5 in Dodging
  6380 | D:8      | Reached ***** piety under Trog
  6709 | D:8      | Reached skill level 1 in Shields
  6978 | D:8      | Found a staircase to the Lair.
  7000 | D:8      | Reached skill level 2 in Shields
  7256 | D:8      | Reached skill level 3 in Shields
  7525 | D:8      | Found a shimmering altar of Xom.
  7525 | D:8      | Found the +7 mace of Variability {chaos, chaos arc}
  8104 | D:9      | Reached skill level 4 in Shields
  8374 | D:9      | Reached XP level 11. HP: 94/94 MP: 0/10
  8631 | D:9      | Reached skill level 5 in Shields
  9088 | D:10     | Reached skill level 6 in Shields
  9240 | D:10     | Noticed Grum
  9249 | D:10     | Killed Grum
  9353 | D:10     | Reached ****** piety under Trog
  9363 | D:10     | Received a gift from Trog
  9364 | D:10     | Reached skill level 7 in Shields
  9529 | D:10     | Noticed Erica
  9535 | D:10     | Killed Erica
 10154 | Lair:1   | Entered Level 1 of the Lair of Beasts
 10179 | Lair:1   | Reached skill level 8 in Shields
 10192 | Lair:1   | Reached skill level 9 in Shields
 10501 | Lair:1   | Reached XP level 12. HP: 102/102 MP: 4/11
 11023 | Lair:1   | Reached skill level 10 in Shields
 11168 | Lair:1   | Identified the +3 rapier "Ozautz" {venom, rC+}
 11553 | Lair:1   | Acquired the ring "Nuggon" {rPois Int+2}
 11611 | Lair:2   | Reached skill level 11 in Shields
 11722 | Lair:2   | Noticed an eight-headed hydra
 11822 | Lair:2   | Killed a seven-headed hydra
 11896 | Lair:2   | Reached skill level 12 in Shields
 12045 | Lair:2   | Reached skill level 13 in Shields
 13323 | Lair:3   | Found a staircase to the Snake Pit.
 13323 | Lair:3   | You fall into a shaft and drop 2 floors!
 13323 | Lair:5   | Entered Level 5 of the Lair of Beasts
 13504 | Lair:5   | Reached skill level 14 in Shields
 13759 | Lair:5   | Received a gift from Trog
 13878 | Lair:5   | Reached skill level 15 in Shields
 13897 | Lair:5   | Reached XP level 13. HP: 104/107 MP: 1/12
 14393 | Lair:5   | Reached skill level 16 in Shields
 14617 | Lair:5   | Reached skill level 17 in Shields
 15146 | Lair:4   | Reached skill level 18 in Shields
 16314 | Lair:3   | Reached skill level 19 in Shields
 16825 | Lair:3   | Found a staircase to the Swamp.
 16847 | Lair:3   | Reached XP level 14. HP: 43/109 MP: 2/13
 17460 | Lair:4   | Identified the +8 hand axe of Anger {flame, Fragile Dex+6}
                  | (Trog gifted it to you on level 4 of the Lair of Beasts)
 17460 | Lair:4   | Received a gift from Trog
 17759 | Lair:4   | Identified the +4 ring mail of the Blind Marksman {rElec
                  | Regen+ Str-4}
 17770 | Lair:4   | Reached skill level 20 in Shields
 18366 | Lair:4   | Found a staircase to the Slime Pits.
 19139 | Lair:5   | Identified the +0 short sword "Leil" {drain, *Slow rF+
                  | rN+++ rCorr}
 19209 | Lair:5   | Reached skill level 21 in Shields
 19505 | Lair:5   | Noticed a sphinx
 19512 | Lair:5   | Killed a sphinx
 19796 | Lair:5   | Found a corrupted altar of Lugonu.
 19796 | Lair:5   | Found a one-way gate to the infinite horrors of the Abyss.
 19802 | Lair:5   | Identified the +3 sling "Roecvago" {freeze, rCorr MP+9
                  | Int-3 SInv}
 20474 | D:11     | Identified the +6 war axe "Faurruq" {flame, rC++ Dex+2}
                  | (Trog gifted it to you on level 11 of the Dungeon)
 20474 | D:11     | Received a gift from Trog
 20519 | D:11     | Reached skill level 22 in Shields
 21863 | D:12     | Found a staircase to the Orcish Mines.
 22887 | D:12     | Found a portal to a secret trove of treasure.
 22998 | Orc:1    | Entered Level 1 of the Orcish Mines
 23084 | Orc:1    | Noticed Segg's ghost (adept GnSk)
 23086 | Orc:1    | Found a runed translucent gate.
 23086 | Orc:1    | Found a runed translucent gate.
 23220 | Orc:1    | Found a runed translucent gate.
 23503 | Orc:1    | Reached skill level 1 in Invocations
 23505 | Orc:1    | Killed Segg's ghost
 23599 | Orc:2    | Entered Level 2 of the Orcish Mines
 23618 | Orc:2    | Found a staircase to the Elven Halls.
 24162 | Orc:2    | Reached XP level 15. HP: 123/123 MP: 1/15
 24309 | Orc:2    | Received a gift from Trog
 24309 | Orc:2    | Found the +16 obsidian axe {drain, demonic, Mesm Drain Fly
                  | SInv}
 24412 | Orc:2    | Found Beubulum's Weapon Emporium.
 24661 | Orc:1    | Noticed Harold
 24665 | Orc:1    | Killed Harold
 25227 | Orc:2    | Reached skill level 10 in Fighting
 25384 | Orc:2    | Received a gift from Trog
 25537 | Orc:2    | Found Misof's General Store.
 25538 | Orc:2    | Found Deijueth's Book Shop.
 25540 | Orc:2    | Found Biskore's Antique Armour Boutique.
 25540 | Orc:2    | Found Geal's Antique Weapon Boutique.
 25555 | Orc:2    | Bought a masterwork cloak for 190 gold pieces
 25555 | Orc:2    | Identified the +1 cloak of Fashionability {rC- rCorr Str+2
                  | SInv} (You bought it in a shop on level 2 of the Orcish
                  | Mines)
 25570 | Orc:2    | Bought a +2 plate armour of cold resistance for 600 gold
                  | pieces
 25844 | D:13     | Reached skill level 10 in Armour
 27301 | D:14     | Reached skill level 5 in Invocations
 27560 | D:14     | Noticed Agnes
 27568 | D:14     | Killed Agnes
 27792 | D:14     | Found a gate to the Vaults.
 28869 | D:15     | Entered Level 15 of the Dungeon
 30413 | D:15     | Reached XP level 16. HP: 124/134 MP: 1/21
 30758 | D:15     | Found a staircase to the Depths.
 30792 | D:15     | Received a gift from Trog
 30968 | D:15     | Identified the +9 short sword "Trog's Righteous Anger"
                  | {spect, Fragile Fly rC+++ Stlth-}
 31128 | D:15     | Identified the +4 plate armour of Xomeg {Drain Dex+4}
 31968 | Swamp:1  | Entered Level 1 of the Swamp
 31979 | Swamp:1  | Noticed Louise
 32295 | Abyss:3  | Cast into level 3 of the Abyss (Louise)
 32306 | Abyss:3  | Found a sparkling altar of Nemelex Xobeh.
 32454 | Abyss:3  | Noticed a profane servitor
 32498 | Abyss:3  | Killed a profane servitor
 32514 | Abyss:3  | Noticed an Executioner
 32529 | Abyss:3  | Killed an Executioner
 32530 | Abyss:3  | Reached skill level 10 in Invocations
 32536 | Abyss:3  | Mangled by a daeva

Illustrated notes

Levels and vault maps discovered:
D:1:      dpeg_arrival_oval, layout_rooms, minmay_strange_pillars
D:2:      layout_rooms, basic_altar, st_stairs_9
D:3:      layout_basic, uniq_grinder, uniq_robin
D:4:      layout_gridville, temple_doors_cd, chequers_arboretum
D:5:      layout_rooms, mainiacjoe_overflow_tiny_flanked,
          mainiacjoe_overflow_two_lobes, kennysheep_small_circle
D:6:      layout_basic, nicolae_kikubaaqudgha_miasma_corner, kennysheep_mini,
          kennysheep_little_box, mainiacjoe_overflow_alcove_4,
          uniq_prince_ribbit1
D:7:      layout_loops_ring, mainiacjoe_overflow_alcove_2,
          mainiacjoe_overflow_24_doors
D:8:      layout_basic, okawaru_gym_becter, erik_lair_dragon,
          nicolae_ossuary_entry_ruins, minmay_guarded_unrand_variability
D:9:      layout_loops_cross, special_room [special_room_bee]
D:10:     layout_grid_maze, general_overflow_altar, serial_ice, serial_ice_o,
          serial_ice_e, serial_ice_f, serial_ice_h, uniq_erica, uniq_grum
D:11:     wander_river, layout_gridville
D:12:     layout_basic, orc_0_dummy, nicolae_trove_entry_crystal,
          minmay_librarian
D:13:     layout_gridville, hangedman_decor_riveting
D:14:     layout_loops_ring, erik_vaults_2, nicolae_water_bricks, uniq_agnes
D:15:     gammafunk_enter_depths_forms, layout_basic, serial_bayou_pond_b,
          drop_trap, minmay_checkered_concentric_circles
Temple:   hellmonk_temple_of_storms
Lair:1:   layout_regular_city, grunt_megastairs_5
Lair:2:   layout_layer_cave, grunt_megastairs_3
Lair:3:   nzn_winding_woodlands_medium [nzn_winding_woodlands_5x5_open_star,
          nzn_winding_woodlands_5x15_parted, nzn_winding_woodlands_5x5_cross,
          nzn_winding_woodlands_5x5_default,
          nzn_winding_woodlands_center_diamonds,
          nzn_winding_woodlands_5x5_perimeter,
          nzn_winding_woodlands_5x5_checkerboard,
          nzn_winding_woodlands_5x15_concentric,
          nzn_winding_woodlands_hourglass], layout_gridlike,
          nicolae_swamp_entry_spooky, lemuel_fruit_tree
Lair:4:   layout_gridlike, dpeg_slime_entry_corner,
          nicolae_quartered_pool_medium, st_stairs_10,
          grunt_forest_small_clearing_treed, lemuel_fruit_fields,
          serial_bayou_shore_a
Lair:5:   hellmonk_lair_end_abyssal_woods, layout_cave_pods
Swamp:1:  layout_basic_swamp, evilmike_swamp_ruin_rubble_1,
          infiniplex_staircase_pool, uniq_louise
Orc:1:    layout_caves, gammafunk_ghost_split, uniq_harold
Orc:2:    st_orc_congregation, layout_caves, serial_shops, nicolae_square_shop,
          basic_altar
Abyss:3:  base:
D:3

Skill      XL: |  1  2  3  4  5  6  7  8  9 10 11 12 13 14 15 16 |
---------------+-------------------------------------------------+-----
Fighting       | 4 5 8 9 10 | 10.0
Axes           | 4 5 8 12 15 16 17 18 | 18.0
Armour         | 3 4 5 7 8 13 14 | 14.4
Dodging        | 3 4 6 |  6.0
Shields        | 4 9 15 19 22 | 22.2
Invocations    | 1 8 10 | 10.1

Action                     |  1- 3 |  4- 6 |  7- 9 | 10-12 | 13-15 | 16-18 || total
---------------------------+-------+-------+-------+-------+-------+-------++-------
  Melee: Hand axe          |    85 |   139 |   154 |       |   240 |       ||   618
         Headbutt          |     8 |    18 |    39 |    94 |   198 |    24 ||   381
         Punch             |       |     2 |     2 |     1 |       |       ||     5
         War axe           |       |       |    50 |   165 |   436 |   151 ||   802
         Broad axe         |       |       |       |   320 |   214 |       ||   534
         Executioner's axe |       |       |       |     2 |    36 |       ||    38
 Invoke: Berserk           |       |     2 |     4 |     1 |     7 |     1 ||    15
         Trog's Hand       |       |       |       |     1 |     3 |       ||     4
    Use: Scroll            |     2 |     4 |     8 |    10 |    10 |     4 ||    38
         Potion            |       |     1 |       |       |     1 |     5 ||     7
   Stab: Confused          |       |       |       |     1 |       |       ||     1
 Armour: Animal skin       |     8 |       |       |       |       |       ||     8
         Chain mail        |    22 |    89 |    86 |   179 |   244 |       ||   620
         Plate armour      |       |       |       |       |    44 |    70 ||   114
  Dodge: Dodged            |    61 |    59 |    85 |   165 |   161 |    41 ||   572
  Block: Kite shield       |       |       |       |   114 |       |       ||   114
         Tower shield      |       |       |       |   133 |   676 |   173 ||   982
